 Dungeon Crawl Stone Soup version 0.27.1-33-g824d729ab1 (webtiles) character file.

Game seed: 3080796830700767536

98 lonewolfV2 the Skirmisher (level 4, -2/40 HPs)
             Began as a Draconian Fighter on Dec 16, 2021.
             Slain by an orc (4 damage)
             ... on level 3 of the Dungeon.
             The game lasted 00:04:20 (1964 turns).

lonewolfV2 the Skirmisher (Draconian Fighter)       Turns: 1964, Time: 00:04:21

Health: -2/40      AC:  5    Str: 18    XL:     4   Next: 43%
Magic:  4/4        EV: 10    Int: 10    God:
Gold:   48         SH:  9    Dex: 10    Spells: 3/3 levels left

rFire    . . .     SeeInvis .   a - +0 war axe
rCold    . . .     Faith    .   b - +0 kite shield
rNeg     . . .     Spirit   .   (armour unavailable)
rPois    .         Reflect  .   (helmet restricted)
rElec    .         Harm     .   (no cloak)
rCorr    .         Rampage  .   (no gloves)
Will     .....                  (no boots)
Stlth    +.........             (no amulet)
HPRegen  0.13/turn              (no ring)
MPRegen  0.09/turn              (no ring)

@: no status effects
A: AC +5, unfitting armour, cold-blooded
a: no special abilities


You were on level 3 of the Dungeon.
You visited 1 branch of the dungeon, and saw 3 of its levels.

You collected 48 gold pieces.

Inventory:

Hand Weapons
 a - a +0 war axe (weapon)
Armour
 b - a +0 kite shield (worn)
Wands
 d - a wand of acid (9)
Scrolls
 e - a scroll of amnesia
 f - a scroll of identify
 g - a scroll of fog
 h - a scroll of teleportation {unknown}
Potions
 c - a potion of might


   Skills:
 + Level 3.8 Fighting
 + Level 3.0 Axes
 + Level 3.3 Dodging
 + Level 0.3 Stealth
 + Level 3.5 Shields


You had 3 spell levels left.
You didn't know any spells.
Your spell library contained the following spells:

 Spells                   Type           Power      Damage    Failure   Level
 Freeze                   Ice            0%         1d3       86%         1
 Frozen Ramparts          Ice            0%         1d2       99%         3
 Hailstorm                Conj/Ice       0%         3d3       100%        4


Dungeon Overview and Level Annotations

Branches:
Dungeon (3/15)

Altars:
Qazlal

Shops:
D:2 [


Innate Abilities, Weirdness & Mutations

Your plain brown scales are hard. (AC +5)
You cannot fit into any form of body armour.
You are cold-blooded and may be slowed by cold attacks.


Message History

An orc comes into view. It is wielding a +0 dagger.
You block the orc wizard's attack.
You slash the orc wizard!
Your tail-slap misses the orc wizard.
The orc wizard is almost dead.
You closely miss the orc. x2; The orc hits you with a +0 club.
The orc hits you with a +0 hand axe. The orc wizard barely misses you.
You barely miss the orc wizard.
Your tail-slap misses the orc wizard.
The orc wizard is almost dead.
You closely miss the orc. You barely miss the orc. The orc closely misses you.
You block the orc's attack. The orc wizard casts a spell at you.
The puff of flame hits you! The orc hits you but does no damage.
You block the orc wizard's attack.
You barely miss the orc wizard. You tail-slap the orc wizard.
You kill the orc wizard!
You hit the orc but do no damage. You hit the orc. You block the orc's attack.
An orc priest comes into view. It is wielding a +0 club.
The orc closely misses you. x2; The orc hits you with a +0 club.
Your Axes skill increases to level 3!
You barely miss the orc. You hit the orc. You slash the orc!
You kill the orc!
You block the orc's attack. The orc hits you but does no damage.
You closely miss the orc. You barely miss the orc. You slash the orc priest!
The orc hits you with a +0 dagger. You block the orc's attack.
The orc priest hits you with a +0 club. The orc closely misses you.
The orc hits you with a +0 club. The orc priest completely misses you.
You completely miss the orc. You hit the orc but do no damage.
You barely miss the orc priest. The orc hits you with a +0 dagger.
The orc hits you with a +0 club.
The orc priest casts a cantrip, but nothing happens.
The orc barely misses you.
You slash the orc!
You kill the orc!
You hit the orc priest. You hit the orc but do no damage.
The orc hits you but does no damage.
The orc priest calls down the wrath of Beogh upon you.
Beogh smites you!
* * * LOW HITPOINT WARNING * * *
The orc hits you with a +0 club.
You die...

#.......# .#
#.......##.#####
#...............
#.....).........
#.......)#
#...>....#
#....<(..#
#######.)# #o@#
#o)# #..# #...
##.## #.# #..
###


You could see an orc priest and an orc.

Vanquished Creatures
  An orc wizard (D:3)
  An adder (D:2)
  A worm (D:2)
  3 dart slugs
  2 orcs (D:3)
  6 ball pythons
  6 bats (D:1)
  3 endoplasms (D:1)
  4 giant cockroaches
  3 goblins
  4 hobgoblins
  3 jackals (D:2)
  3 kobolds
  4 quokkas
  2 frilled lizards (D:2)
  4 rats
50 creatures vanquished.

Notes
Turn   | Place    | Note
-------+----------+-------------------------------------------
     0 | D:1      | lonewolfV2 the Draconian Fighter began the quest for the
                  | Orb.
     0 | D:1      | Reached XP level 1. HP: 19/19 MP: 1/1
   144 | D:1      | Reached XP level 2. HP: 24/26 MP: 2/2
   227 | D:1      | Found a faded altar of an unknown god.
   859 | D:1      | Reached XP level 3. HP: 33/33 MP: 3/3
  1341 | D:2      | Found a stormy altar of Qazlal.
  1639 | D:2      | Reached XP level 4. HP: 40/40 MP: 4/4
  1894 | D:2      | Found Limeost's Armour Shop.
  1964 | D:3      | HP: 2/40 [orc priest/divine providence (13)]
  1964 | D:3      | Slain by an orc

Illustrated notes

Levels and vault maps discovered:
D:1:      zaba_arrival_water, layout_basic, ebering_ecumenical_altar_rust
D:2:      layout_loops_ring, serial_shops, nicolae_lakefront_shop, basic_altar
D:3:      layout_loops_ring, hangedman_decor_opposing, minivault_5

Skill      XL: |  1  2  3  4 |
---------------+-------------+-----
Dodging        | 3 |  3.3
Axes           | 3 |  3.0
Fighting       | |  3.8
Stealth        | |  0.3
Shields        | |  3.5

Action                   |  1- 3 |  4- 6 || total
-------------------------+-------+-------++-------
Melee: War axe           |    90 |    17 ||   107
       Tailslap          |     7 |     3 ||    10
  Use: Scroll            |     4 |       ||     4
       Potion            |     2 |       ||     2
Armor: Skin              |    45 |     5 ||    50
Dodge: Dodged            |    42 |    13 ||    55
Block: Kite shield       |    59 |    13 ||    72
